Unix NetHack Version 5.0.0-0 post-release - last build May 23 2026 06:08:33 (1c0ff79ee797540d5714e4e18072db0edd9e58ae,branch:main).

Game began 2026-05-23 09:09:02, ended 2026-05-23 09:41:07.

Atomicjoy, chaotic male elven Wizard

                                         ----
                                ----------..|
                                |.....^..f@.|
                                |.....-----^|
                                |.....|   |.--
                                |.....|----^.|
                                |.....|<.^.^.|
                                ---.---------|
                                 |..--->---..|
                                 |........``.|
                                 |.`.----.`..|
                                 |...|  |....|
                                 -----  ------

Atomicjoy the Conjurer    St:10 Dx:15 Co:13 In:18 Wi:11 Ch:11  Chaotic
Dlvl:5  $:34 HP:0(38) Pw:25(53) AC:7  Xp:5 T:2962  Burdened

Latest messages:
 You have a little trouble lifting Z - a melon.
 o - a jeweled wand.
 With great effort you move the boulder.
 With great effort you move the boulder.
 The boulder suddenly rolls away from you!
 You hear a boulder fall.
 Click!  You trigger a rolling boulder trap!
 No boulder was released.
 You see here a scroll labeled LEP GEX VEN ZEA.
 You have a little trouble lifting p - a scroll labeled LEP GEX VEN ZEA.
 You see here a scroll labeled LEP GEX VEN ZEA.
 You have a little trouble lifting s - a scroll labeled LEP GEX VEN ZEA.
 Click!  You trigger a rolling boulder trap!
 No boulder was released.
 With great effort you move the boulder.
 You try to move the boulder, but in vain.
 With great effort you move the boulder.
 The boulder suddenly rolls away from you!
 You hear a boulder fall.
 With great effort you move the boulder.
 The boulder suddenly rolls away from you!
 Thump!
 You escape a rolling boulder trap.
 The boulder suddenly rolls away from you!
 You hear a boulder fall.
 Click!  You trigger a rolling boulder trap!
 No boulder was released.
 The jaguar hits!
 The jaguar hits again!
 The jaguar bites!
 In what direction? 4
 The spell misses the jaguar.
 The jaguar hits!
 The jaguar hits again!
 The jaguar bites!
 The jaguar hits!
 The jaguar hits again!
 The jaguar bites!
 The jaguar hits!
 The jaguar hits again!
 The jaguar bites!
 The jaguar hits!
 The jaguar hits again!
 The jaguar bites!
 What do you want to zap? [co or ?*] o
 In what direction? 4
 The jaguar hits!
 You die...
 Do you want your possessions identified? [ynq] (y) y
 Do you want to see your attributes? [ynq] (y) q

Inventory:
 Coins    ('$')
  $ - 34 gold pieces
 Weapons  (')')
  L - 6 +0 darts
  a - a blessed +1 quarterstaff (weapon in hands)
 Armor    ('[')
  R - an uncursed +0 pair of iron shoes
  u - an uncursed +1 cloak of displacement (being worn)
  b - an uncursed +0 cloak of magic resistance
  T - a blessed +2 orcish cloak
 Comestibles  ('%')
  U - 3 uncursed food rations
  Z - an uncursed melon
  D - 2 uncursed tripe rations
 Scrolls  ('?')
  r - a cursed scroll of destroy armor
  s - an uncursed scroll of earth
  p - a cursed scroll of earth
  j - an uncursed scroll of enchant armor
  w - 2 cursed scrolls of enchant weapon
  q - a cursed scroll of food detection
  N - a cursed scroll of identify
  h - an uncursed scroll of magic mapping
  i - a cursed scroll of remove curse
 Spellbooks  ('+')
  k - a blessed spellbook of force bolt
  G - a cursed spellbook of force bolt
  l - an uncursed spellbook of light
 Potions  ('!')
  A - an uncursed potion of enlightenment
  y - an uncursed potion of fruit juice
  E - a cursed potion of gain ability
  f - 4 uncursed potions of healing
  g - an uncursed potion of restore ability
  P - an uncursed potion of speed
  B - a potion of unholy water
 Rings    ('=')
  K - an uncursed ring of conflict
  e - an uncursed ring of fire resistance
  O - an uncursed ring of polymorph control
  d - an uncursed +1 ring of protection (on right hand)
  Y - a cursed -1 ring of protection
  z - an uncursed ring of protection from shape changers
  H - an uncursed ring of warning
 Wands    ('/')
  c - a wand of locking (0:4)
  o - a wand of undead turning (0:3)
 Tools    ('(')
  n - a cursed leather drum
  m - a cursed magic marker (0:20)
  V - an uncursed tallow candle
  M - an uncursed towel
 Gems/Stones  ('*')
  F - a cursed worthless piece of white glass
  C - an uncursed flint stone

Atomicjoy the Wizard's attributes:

Background:
 You were a Conjurer, a level 5 male elven Wizard.
 You were chaotic, on a mission for Anhur
 who was opposed by Ptah (lawful) and Thoth (neutral).
 You were right-handed.
 You were in Sokoban, on level 5.
 You entered the dungeon 2962 turns ago.
 You had 256 experience points, 64 more were needed to attain level 6.

Basics:
 You had 0 out of 38 hit points.
 You had 25 out of 53 energy points (spell power).
 Your armor class was 7.
 Your wallet contained 34 zorkmids.
 Autopickup was off.

Final Characteristics:
 Your strength was 10 (limit:18).
 Your dexterity was 15 (limit:18).
 Your constitution was 13 (limit:16).
 Your intelligence was 18 (limit:20).
 Your wisdom was 11 (limit:20).
 Your charisma was 11 (limit:18).

Final Status:
 You weren't hungry.
 You were burdened; movement was slightly slowed.
 You were wielding a quarterstaff.
 You had basic skill with quarterstaff.

Final Attributes:
 You were piously aligned.
 You were sleep resistant.
 You were telepathic.
 You had infravision.
 You were displaced.
 You had a small defense bonus (+1).
 You were guarded.
 You were lucky.
 You are dead.

Miscellaneous:
 You didn't encounter any bones levels.
 Total elapsed playing time was 32 minutes and 3 seconds.

Major events:
 Turn
    1: Atomicjoy the chaotic male elven Wizard entered the dungeon
  233: entered the Gnomish Mines
 1161: attained the rank of Conjurer (level 3)
 1482: consulted the Oracle
 2576: entered Sokoban
 2962: killed by a jaguar

Spells:
 Name                 Level Category     Fail Retention
 force bolt             1   attack         0%   81%-90%
 light                  1   divination     0%  76%-100%

Skills:
 Fighting Skills
   bare handed combat [Unskilled]
   riding             [Unskilled]
 Weapon Skills
   dagger             [Unskilled]
   knife              [Unskilled]
   axe                [Unskilled]
   short sword        [Unskilled]
   club               [Unskilled]
   mace               [Unskilled]
   quarterstaff       [Basic]
   polearms           [Unskilled]
   spear              [Unskilled]
   trident            [Unskilled]
   sling              [Unskilled]
   dart               [Unskilled]
   shuriken           [Unskilled]
 Spellcasting Skills
   attack spells      [Basic]
   healing spells     [Unskilled]
   divination spells  [Unskilled]
   enchantment spells [Basic]
   clerical spells    [Unskilled]
   escape spells      [Unskilled]
   matter spells      [Unskilled]

Voluntary challenges:
 Character rerolling was not enabled.
 You were illiterate.
 You never genocided any monsters.
 You never polymorphed an object.
 You never changed form.
 You used no wishes.
 You did not violate any of the special Sokoban rules.
Achievements:
 You entered the Gnomish Mines.
 You attained the rank of Conjurer.
 You consulted the Oracle of Delphi.
 You entered Sokoban.

 The Dungeons of Doom: levels 1 to 7
    Level 1:
       A fountain, a grave.
    Level 2:
       Stairs down to The Gnomish Mines.
    Level 3:
    Level 4:
       A grave.
    Level 5:
       Many fountains.
       Oracle of Delphi.
    Level 6:
       An altar to Anhur, a fountain.
       Stairs up to Sokoban, level 5.
    Level 7:
 The Gnomish Mines:
    Level 3:
 Sokoban:
    Level 5: <- You were here.
       Unsolved.
       Final resting place for
          you, killed by a jaguar.


Vanquished creatures:
  2 Uruk-hai
  a fog cloud
  3 gnome leaders
  a kobold mummy
  a giant ant
  a floating eye
  a kobold leader
  2 giant bats
  a werejackal
 an iguana
  3 killer bees
  2 acid blobs
  a gas spore
  2 manes
  a hobgoblin
  3 giant rats
  a brown mold
  2 yellow molds
  2 garter snakes
  a gecko
  2 jackals
  a fox
  a kobold
  2 sewer rats
  2 grid bugs
  4 bats
  2 lichens
  2 kobold zombies
  3 newts
51 creatures vanquished.

No species were genocided or became extinct.

Game over:
                       ----------
                      /          \
                     /    REST    \
                    /      IN      \
                   /     PEACE      \
                  /                  \
                  |    Atomicjoy     |
                  |      34 Au       |
                  |   killed by a    |
                  |      jaguar      |
                  |                  |
                  |                  |
                  |       2026       |
                 *|     *  *  *      | *
        _________)/\\_//(\/(/\)/\//\/|_)_______

Goodbye Atomicjoy the Wizard...

You died in Sokoban on dungeon level 5 with 1356 points,
and 34 pieces of gold, after 2962 moves.
You were level 5 with a maximum of 38 hit points when you died.

